Map: Ruins of Endion

Players

Btmn

  • Race: Protoss Protoss
  • League: Master

Miszu - Winner!

  • Race: Terran Terran
  • League: Master

VOD

Have the link to the VOD?

Description

Time

  • Played on: May 10, 2016, 10:06 a.m.
  • Length: 12:25
Show
View Real Time Build Order
Export as new Build Order

Btmn Protoss 

Build Orders: 1 Gate Expand, Blink Stalkers 

Get SALT Encoding   

  12  0:01  Probe (Chrono Boost)  
  13  0:11  Probe (Chrono Boost)  
  14  0:18  Pylon  
  14  0:22  Probe (Chrono Boost)  
  15  0:36  Probe (Chrono Boost)  
  15  0:39  Gateway  
  16  0:44  Assimilator  
  16  0:46  Probe (Chrono Boost)  
  18  0:57  Probe (Chrono Boost)  
  18  1:07  Probe (Chrono Boost)  
  19  1:18  Probe (Chrono Boost)  
  20  1:26  Cybernetics Core  
  20  1:29  Probe (Chrono Boost)  
  21  1:35  Nexus  
  21  1:39  Probe (Chrono Boost)  
  22  1:44  Pylon  
  22  1:48  Assimilator  
  22  1:52  Probe (Chrono Boost)  
  23  2:02  Stalker (Chrono Boost), Probe (Chrono Boost)  
  23  2:06  Warp Gate  
  26  2:18  Pylon  
  26  2:19  Mothership Core (Chrono Boost)  
  28  2:29  Stalker  
  30  2:38  Probe (Chrono Boost)  
  31  2:49  Probe x2 (Chrono Boost)  
  33  2:59  Stalker, Probe x2 (Chrono Boost)  
  37  3:10  Twilight Council, Probe x2 (Chrono Boost)  
  39  3:20  Probe x2 (Chrono Boost)  
  41  3:27  Pylon  
  41  3:29  Stalker  
  41  3:31  Probe x2 (Chrono Boost)  
  45  3:36  Pylon  
  46  3:41  Probe (Chrono Boost)  
  46  3:42  Probe (Chrono Boost)  
  46  3:47  Blink (Chrono Boost)  
  47  3:50  Assimilator  
  47  3:51  Probe (Chrono Boost)  
  47  3:55  Probe (Chrono Boost), Assimilator  
  49  4:00  Probe  
  49  4:02  Gateway  
  50  4:03  Gateway  
  50  4:11  Gateway, Probe x2  
  50  4:16  Stalker  
  54  4:22  Probe  
  54  4:23  Probe  
  56  4:27  Pylon  
  56  4:32  Probe  
  56  4:33  Gateway  
  56  4:37  Pylon  
  57  4:41  Stalker  
  57  4:45  Probe  
  59  4:46  Probe  
  59  4:51  Pylon  
  61  4:55  Pylon  
  61  4:57  Robotics Facility  
  61  4:59  Stalker  
  63  5:05  Dark Shrine  
  63  5:11  Stalker x2  
  67  5:16  Stalker  
  69  5:22  Pylon  
  69  5:28  Stalker  
  69  5:33  Stalker  
  73  5:37  Stalker x2  
  77  5:44  Warp Prism (Chrono Boost)  
  79  5:56  Forge  
  79  6:02  Stalker x4  
  87  6:05  Stalker  
  89  6:16  Observer (Chrono Boost)  
  90  6:20  Charge  
  90  6:30  Stalker  
  90  6:31  Stalker x3  
  96  6:50  Immortal (Chrono Boost)  
  99  6:57  Mothership Core  
  95  7:01  Probe  
  95  7:05  Protoss Ground Armor Level 1 (Chrono Boost)  
  91  7:09  Dark Templar x2  
  91  7:13  Probe, Zealot x2  
  100  7:18  Probe  
  100  7:20  Pylon  
  101  7:24  Photon Cannon  
  101  7:27  Pylon  
  101  7:28  Pylon  
  101  7:40  Warp Prism  
  95  7:46  Zealot x3  
  95  7:47  Zealot x2  
  107  8:04  Pylon  
  107  8:11  Immortal  
  98  8:14  Stalker x2  
  98  8:15  Stalker x3  
  108  8:44  Stalker x4  
  108  8:45  Stalker  
  108  8:46  Protoss Ground Weapons Level 1 (Chrono Boost)  
  118  8:54  Immortal  
  122  9:06  Nexus  
  110  9:23  Zealot x3  
  110  9:24  Zealot x2  
  116  9:28  Immortal  
  116  9:34  Pylon  
  120  9:49  Dark Templar x2  
  120  9:50  Dark Templar  
  124  10:02  Photon Cannon  
  123  10:09  Pylon  
  123  10:11  Pylon  
  123  10:13  Pylon  
  123  10:26  Probe  
  123  10:27  Probe x2  
  122  10:31  Zealot  
  122  10:32  Zealot  
  120  10:36  Probe  
  120  10:38  Pylon x2  
  121  10:45  Templar Archives  
  83  11:13  Zealot x3  
  83  11:14  Zealot x2  
  83  11:22  Immortal  
  83  11:37  Dark Templar x4  
  91  11:40  Dark Templar  
  91  11:45  Pylon  
  91  11:46  Pylon  
  65  12:14  High Templar x4  
  65  12:15  Zealot  
  69  12:18  Archon x2  
Show
View Real Time Build Order
Export as new Build Order

Miszu Terran - Winner!

Build Orders: MMM Bio 

Get SALT Encoding   

  12  0:00  SCV  
  13  0:13  SCV  
  14  0:18  Supply Depot  
  14  0:25  SCV  
  15  0:39  SCV  
  15  0:41  Barracks  
  16  0:44  Refinery  
  16  0:51  SCV  
  17  1:03  SCV  
  18  1:17  Command Center  
  19  1:28  Orbital Command  
  19  1:29  Marine  
  19  1:39  Barracks  
  19  1:48  Marine  
  19  1:53  Barracks  
  20  1:57  SCV  
  21  2:06  Marine  
  22  2:09  SCV  
  22  2:11  Supply Depot  
  23  2:28  Marine, SCV, Orbital Command  
  25  2:31  Marine  
  25  2:35  Refinery  
  25  2:36  Refinery  
  26  2:40  Marine  
  27  2:44  SCV  
  27  2:46  Marine  
  27  2:49  Marine  
  30  2:56  SCV x2  
  32  2:59  Marine  
  32  3:04  Marine  
  34  3:07  Barracks Tech Lab  
  34  3:08  SCV x2  
  36  3:17  Marine  
  37  3:20  SCV  
  37  3:21  Marine  
  37  3:24  SCV  
  37  3:25  Marine  
  40  3:27  Stimpack  
  40  3:32  SCV  
  40  3:34  Marine  
  40  3:36  SCV  
  40  3:39  Supply Depot, Marine  
  43  3:41  Supply Depot  
  43  3:44  Bunker  
  43  3:45  SCV  
  44  3:49  Marauder  
  46  4:00  Marine x2  
  46  4:01  SCV x2  
  50  4:04  Factory  
  50  4:07  Refinery  
  50  4:10  Marauder  
  50  4:13  SCV x2  
  54  4:18  Marine  
  54  4:23  Engineering Bay  
  55  4:25  SCV x2  
  55  4:29  Supply Depot, Marine  
  58  4:32  Marauder  
  58  4:36  Marine  
  58  4:37  SCV  
  58  4:38  Supply Depot  
  62  4:49  Starport, Factory Reactor  
  62  4:51  Marine, SCV x2  
  65  4:53  Supply Depot  
  65  4:54  Marine  
  65  4:57  Terran Infantry Weapons Level 1  
  65  4:59  Marine  
  67  5:03  SCV  
  68  5:08  SCV  
  68  5:09  Marine  
  68  5:12  Marine  
  71  5:16  Supply Depot  
  71  5:17  SCV  
  71  5:18  Marauder  
  71  5:21  SCV  
  75  5:29  Supply Depot  
  75  5:31  Barracks Tech Lab  
  75  5:33  Medivac x2, Factory Reactor  
  75  5:34  SCV x2  
  75  5:35  Barracks Reactor  
  81  5:36  Combat Shields  
  81  5:46  Marauder, SCV  
  81  5:47  SCV  
  84  5:58  SCV  
  84  6:01  Marauder  
  84  6:03  Medivac  
  88  6:05  Command Center  
  88  6:06  Medivac  
  88  6:10  Supply Depot  
  90  6:12  Marine  
  90  6:13  Supply Depot, Marine  
  91  6:23  Marine, Marauder  
  94  6:27  Barracks  
  94  6:28  Barracks  
  94  6:31  Refinery  
  94  6:33  Marine x2  
  92  6:41  Marauder  
  92  6:44  Marauder  
  96  6:48  Medivac  
  96  6:49  Medivac  
  96  6:51  Marine x2  
  93  7:03  Marauder  
  93  7:06  Marauder  
  90  7:09  Marine x2  
  90  7:15  Widow Mine x2  
  92  7:17  Barracks Reactor, Barracks Tech Lab  
  92  7:21  Medivac  
  98  7:24  Marauder  
  98  7:27  Marine x2, Marauder  
  104  7:30  Medivac  
  104  7:33  Supply Depot  
  104  7:34  Supply Depot  
  105  7:44  Marine  
  105  7:45  Marine, Marauder  
  105  7:48  Missile Turret  
  105  7:49  Marauder x2  
  105  7:50  Missile Turret  
  110  8:02  Marine  
  105  8:07  Marauder  
  105  8:09  Marine  
  105  8:10  Marauder x2  
  103  8:13  Marine  
  103  8:19  Concussive Shells  
  103  8:21  Marine, Command Center, Widow Mine x2  
  103  8:22  Medivac x2  
  112  8:27  Marine  
  112  8:28  Marauder  
  112  8:29  Marine  
  112  8:31  Marauder  
  112  8:32  Marauder  
  117  8:42  Marine x2  
  117  8:45  Marine  
  120  8:49  Marauder, Widow Mine  
  120  8:53  Marine, Marauder x2  
  129  9:00  Medivac x2  
  133  9:11  Marauder  
  130  9:18  Marauder  
  130  9:20  Marine x2, Marauder  
  134  9:33  Marine x2, Medivac, Marauder  
  134  9:38  Marine x2  
  141  9:39  Marauder, SCV  
  141  9:42  Widow Mine x2  
  149  9:49  Medivac  
  149  9:50  Marine  
  149  9:51  Marauder  
  149  9:52  Marine  
  149  9:58  Marauder  
  148  10:01  Marine  
  149  10:14  Marine  
  149  10:15  Marauder x2  
  124  10:29  Marauder  
  124  10:33  Marine  
  124  10:34  Marine x3  
  127  10:37  Marauder x2  
  127  10:38  Widow Mine  
  127  10:41  Widow Mine  
  133  10:50  Marine  
  133  10:51  Marine  
  129  11:11  Marine, Marauder  
  111  11:17  Marine  
  111  11:18  Marine x3, Marauder  
  117  11:28  Marine  
  117  11:32  Marine  
  119  11:35  Marine  
  119  11:36  Marine, Marauder  
  123  11:48  Marauder  
  124  11:56  Marine  
  124  11:57  Marauder  
  125  12:01  Marine  
  125  12:03  Marine  
Tags
 
Add a new tag
Caveats
  • Supply blocks, unpowered buildings, or Contaminate may cause inaccurate times.
  • Supply counts are checked every 10 seconds.